 Seeded DCSS version 0.31-a0-167-g1c394c0614 (webtiles) character file.

Game seed: 6236403679062935775 (custom seed)

1607 SigmundSlayer the Shooter (level 8, 0/70 HPs)
             Began as a Demigod Hunter on June 14, 2023.
             Slain by a river rat (8 damage)
             ... summoned by Eustachio
             ... on level 5 of the Dungeon.
             The game lasted 00:04:59 (3813 turns).

SigmundSlayer the Shooter (Demigod Hunter)          Turns: 3813, Time: 00:04:59

Health: 0/70       AC:  6    Str: 12    XL:     8   Next: 36%
Magic:  10/10      EV: 17    Int: 11    God:
Gold:   407        SH:  5    Dex: 25    Spells: 7/7 levels left

rFire   . . .        a - +0 shortbow (drain)
rCold   . . .        (shield currently unavailable)
rNeg    . . .        t - +2 robe {Will+}
rPois   .            (no helmet)
rElec   .            s - +0 cloak
rCorr   .            n - +0 pair of gloves
SInv    .            (no boots)
Will    ++...        x - amulet of reflection
Stlth   ++           i - ring of willpower
HPRegen 0.31/turn    (no ring)
MPRegen 0.12/turn

%: reflection
@: about to teleport
A: high MP 1, forlorn, divine attributes
a: no special abilities


You were on level 5 of the Dungeon.
You visited 1 branch of the dungeon, and saw 5 of its levels.

You collected 407 gold pieces.

Inventory:

Hand Weapons
 a - a +0 shortbow of draining (weapon)
 b - a +0 heavy long sword
Missiles
 y - 12 throwing nets
Armour
 n - a +0 pair of gloves (worn)
 p - a +0 buckler
 s - a +0 cloak (worn)
 t - a +2 robe of willpower (worn)
Jewellery
 i - a ring of willpower (left hand)
 x - an amulet of reflection (around neck)
Wands
 l - a wand of polymorph (12)
Scrolls
 e - a scroll of noise {unknown}
 f - a scroll of enchant armour {unknown}
 k - a scroll of revelation {unknown}
 m - a scroll of blinking {unknown}
 o - a scroll of torment {unknown}
 q - a scroll of butterflies
 w - a scroll of identify {unknown}
Potions
 c - a potion of haste {unknown}
 g - 2 potions of cancellation {unknown}
 h - 2 potions of enlightenment {unknown}
 j - 3 potions of curing {unknown}
 r - a potion of berserk rage {unknown}
 u - a potion of might {unknown}


   Skills:
 + Level 6.1 Fighting
 + Level 6.8 Ranged Weapons
 + Level 6.0 Dodging
 - Level 0.8 Stealth


You had 7 spell levels left.
You didn't know any spells.
Your spell library contained the following spells:

 Spells                   Type           Power      Damage    Failure   Level
 Ozocubu's Armour         Ice            0%         N/A       71%         3
 Vhi's Electric Charge    Tloc/Air       0%         N/A       71%         3
 Arcjolt                  Conj/Air       0%         1d10      100%        5
 Metabolic Englaciation   Hex/Ice        0%         N/A       100%        5
 Plasma Beam              Fire/Air       0%         2x1d10    100%        6
 Simulacrum               Ice/Necr       0%         N/A       100%        6


Dungeon Overview and Level Annotations

Branches:
Dungeon (5/15)
 Temple: D:4-7

Shops:
D:1 *

Annotations:
D:5 Eustachio


Innate Abilities, Weirdness & Mutations

You have an increased reservoir of magic. (+10% MP)
You shall have no god before yourself.
Your divine heritage dramatically boosts your attributes as you level up.


Message History

Eustachio barely misses you.
Fire: a) +0 shortbow (drain)
Press: ? - help, Q - select action, (/) - cycle Shift-Dir - straight line, f/p - Eustachio
Aim: Eustachio, wielding a +0 rapier, wearing a +0 leather armour and carrying a wand of flame (22) (severely wounded, heavily drained, 62% to hit)
You shoot an arrow. The arrow barely misses Eustachio.
The arrow hits the bat.
You kill the bat!
The bat's corpse disappears in a puff of smoke!
The ufetubus misses you. The ufetubus closely misses you.
The white imp closely misses you. x2; The ufetubus barely misses you.
The ufetubus misses you. The river rat bites you.
* * * LOW HITPOINT WARNING * * *
The river rat bites you but does no damage.
Eustachio misses you.
Fire: a) +0 shortbow (drain)
Press: ? - help, Q - select action, (/) - cycle Shift-Dir - straight line, f/p - Eustachio
Aim: Eustachio, wielding a +0 rapier, wearing a +0 leather armour and carrying a wand of flame (22) (severely wounded, heavily drained, 62% to hit)
You shoot an arrow. The arrow hits Eustachio.
You drain Eustachio.
Eustachio is almost dead.
You block the ufetubus's attack. The ufetubus closely misses you.
The white imp hits you.
* * * LOW HITPOINT WARNING * * *
The white imp freezes you.
* * * LOW HITPOINT WARNING * * *
The white imp grinds its teeth.
The white imp hits you but does no damage.
The river rat closely misses you. The river rat barely misses you.
Eustachio casts a spell.
Eustachio blinks!
The ufetubus hits you but does no damage.
The ufetubus hits you.
* * * LOW HITPOINT WARNING * * *
As you read the scroll labelled ROUWACS HITZ, it crumbles to dust.
You feel strangely unstable.
It was a scroll of teleportation.
The white imp gestures at you. The puff of frost misses you.
The puff of frost hits the white imp.
The white imp completely resists.
You block the white imp's attack. The ufetubus closely misses you.
The ufetubus hits you but does no damage.
The river rat bites you!
You die...

. .. . .. . #### # ~ .. .
.##..##.♣~♣~♣~~~~ .# $.
....#~P~~~~~~~≈≈≈ .#
...###...♣~~~♣~~♣~≈≈≈≈ .##
...)...§~~~~~♣~~≈≈≈≈≈≈ ..##
......5§5†~♣P~~~≈≈≈≈≈≈ ...###..
..@...r@♣♣~~~~~~~~≈≈≈≈ ........
......5r.♣♣~P♣~~~~≈≈≈≈≈≈ ...#..##
###.......~~~~~PP~≈≈~≈≈≈ ..###.#
####.....##~♣♣~~~~~~~~≈≈ ..#...#
##.....#...#..♣~~♣♣~~~~
......###....#.........♣♣♣~~~♣~♣♣
.......##....#.............~~♣♣~~
.......##...............>........
.......##........................


You could see Eustachio (very drained), 2 river rats, 2 white imps and an
ufetubus (summoned).

Vanquished Creatures
  Pikel (D:4)
  An ice beast (D:5)
  A lemure (D:5)
  A scorpion (D:5)
  3 gnoll sergeants (D:5)
  8 hounds
  A gnoll bouda (D:5)
  3 iguanas
  2 sleepcaps
  An orc wizard (D:4)
  22 gnolls
  5 adders
  2 worms (D:2)
  5 dart slugs
  15 orcs
  6 endoplasms
  4 giant cockroaches
  8 goblins
  12 hobgoblins
  9 jackals
  5 quokkas
  A ball python (D:2)
  6 bats
  2 frilled lizards
  5 kobolds
  7 rats
136 creatures vanquished.

Notes
Turn   | Place    | Note
-------+----------+-------------------------------------------
     0 | D:1      | SigmundSlayer the Demigod Hunter began the quest for the
                  | Orb.
     0 | D:1      | Reached XP level 1. HP: 17/17 MP: 3/3
    45 | D:1      | Found Icenk's Assorted Antiques.
    77 | D:1      | Reached XP level 2. HP: 24/24 MP: 4/4
   517 | D:1      | Reached XP level 3. HP: 30/30 MP: 5/5
  1731 | D:3      | Reached XP level 4. HP: 37/37 MP: 6/6
  2205 | D:4      | You fall into a shaft and drop 1 floor!
  2205 | D:5      | Entered Level 5 of the Dungeon
  2361 | D:4      | Reached XP level 5. HP: 35/45 MP: 7/7
  2631 | D:5      | Reached XP level 6. HP: 48/52 MP: 8/8
  2654 | D:5      | Noticed Pikel
  2707 | D:4      | Reached skill level 5 in Ranged Weapons
  2718 | D:4      | Killed Pikel
  2719 | D:4      | Reached XP level 7. HP: 13/60 MP: 9/9
  3058 | D:4      | Reached skill level 5 in Fighting
  3132 | D:4      | Reached skill level 5 in Dodging
  3506 | D:5      | Reached XP level 8. HP: 68/69 MP: 10/10
  3790 | D:5      | Noticed Eustachio
  3813 | D:5      | Slain by a river rat

Illustrated notes

Levels and vault maps discovered:
D:1:      dpeg_arrival_rooms_a, layout_basic, serial_shops,
          nicolae_shop_waterfront, minmay_cupped
D:2:      layout_basic
D:3:      layout_basic, mainiacjoe_overflow_tiny_flanked,
          nicolae_elevator_lobby_plus
D:4:      layout_basic
D:5:      layout_cave_pools, serial_gnoll_camp, gnoll_camp_mini_loothouse,
          gnoll_camp_mini_basic, gnoll_camp_huts_moat, gnoll_camp_mini_basic,
          serial_bayou_lake_a, uniq_pikel, uniq_menkaure, uniq_eustachio

Skill      XL: |  1  2  3  4  5  6  7  8 |
---------------+-------------------------+-----
Fighting       | 2 3 4 5 6 |  6.1
Dodging        | 2 3 4 5 6 |  6.0
Ranged Weapons | 4 5 6 |  6.8
Stealth        | |  0.8

Action                     |  1- 3 |  4- 6 |  7- 9 || total
---------------------------+-------+-------+-------++-------
  Melee: Long sword        |       |     1 |       ||     1
   Fire: Shortbow          |   159 |   139 |   191 ||   489
    Use: Scroll            |       |     3 |     1 ||     4
         Potion            |       |       |     1 ||     1
   Stab: Sleeping          |       |     1 |       ||     1
 Armour: Leather armour    |    15 |    50 |       ||    65
         Robe              |       |       |    21 ||    21
  Dodge: Dodged            |    50 |    97 |    95 ||   242
  Block: Other             |       |       |    22 ||    22
         Reflection        |       |       |     3 ||     3

Table legend: (Time is in decaauts)
 A = Elapsed time spent in this place.
 B = Non-inter-level travel time spent in this place.
 C = Inter-level travel time spent in this place.
 D = Time resting spent in this place.
 E = Time spent auto-exploring this place.
 F = Levels seen in this place.
 G = Mean time per level.
                   A        B        C        D        E       F      G
               +--------+--------+--------+--------+--------+-----+--------+
         Total |   3900 |   3714 |    186 |    344 |   2394 |   5 |  780.0 |
       Dungeon |   3900 |   3714 |    186 |    344 |   2394 |   5 |  780.0 |
               +--------+--------+--------+--------+--------+-----+--------+

Top non-repeatable levels by time:
     D:4: 976 daAuts
     D:1: 970 daAuts
     D:2: 779 daAuts
     D:5: 740 daAuts
     D:3: 432 daAuts
